 Dungeon Sprint DCSS version 0.29.1-15-g9cfb28693d (webtiles) character file.

Game seed: 1496177132454044580

6900000 Groucho the Axe Maniac (level 26, -63/221 HPs)
             Began as a Djinni Warper on Apr 6, 2023.
             Was the Champion of Makhleb.
             Annihilated by a sculptor of flesh
             ... wielding a +9 great sword
              (226 damage)
             ... in the Dungeon (Sprint VIII: "Arena of Blood").
             The game lasted 00:03:49 (69 turns).

Groucho the Axe Maniac (Djinni Warper)                Turns: 69, Time: 00:03:50

Health: -63/221    AC:  6    Str: 10    XL:     26   Next: 18%
Gold:   0          EV: 34    Int: 17    God:    Makhleb [******] SH:  0 Dex: 23

rFire   + + .      SeeInvis .   i - +∞ Axe of Woe
rCold   x . .      Faith    .   (shield currently unavailable)
rNeg    . . .      Spirit   .   b - +0 leather armour
rPois   ∞          Reflect  .   (no helmet)
rElec   .          Harm     .   (no cloak)
rCorr   .          Rampage  .   (no gloves)
Will    ++...      NoTele   +   (boots unavailable)
Stlth   ++........              (no amulet)
HPRegen 0.46/turn               (no ring)
MPRegen 0.00/turn               (no ring)

@: flying, slowed, very slow
A: sickness immunity, fire resistance 2, cold vulnerability 1, float, innate
caster, HP casting, extra vitality 1
a: Renounce Religion, Minor Destruction, Lesser Servant of Makhleb, Major
Destruction, Greater Servant of Makhleb


You were in the Dungeon.
You worshipped Makhleb.
Makhleb was exalted by your worship.
You visited 1 branch

Inventory:

Hand Weapons
 a - a +0 spear
 i - the +∞ Axe of Woe (weapon)
   (You found it in the Dungeon)
Missiles
 d - 7 boomerangs of dispersal (quivered)
Armour
 b - a +0 leather armour (worn)
Jewellery
 j - a +30 ring of slaying
 k - a +30 ring of slaying
 l - a +100 ring of slaying
Scrolls
 c - 2 scrolls of blinking
Potions
 e - a potion of curing
 f - a potion of heal wounds
 g - a potion of haste
 h - a potion of berserk rage


   Skills:
 O Level 27 Fighting
 O Level 27 Short Blades
 O Level 27 Long Blades
 O Level 27 Axes
 + Level 12.3(22.3) Maces & Flails
 + Level 12.4(22.4) Polearms
 + Level 13.4(17.6) Staves
 O Level 27 Ranged Weapons
 O Level 27 Throwing
 O Level 27 Armour
 O Level 27 Dodging
 + Level 14.5 Shields
 + Level 14.5 Unarmed Combat
 O Level 27 Spellcasting
 O Level 27 Invocations
 O Level 27 Evocations


You had one spell level left.
You knew the following spells:

 Your Spells              Type           Power      Damage    Failure   Level
a - Blink                 Tloc           100%       N/A       0%          2
b - Lesser Beckoning      Tloc           86%        N/A       0%          3
c - Gell's Gravitas       Tloc           86%        N/A       0%          3
d - Teleport Other        Tloc           86%        N/A       0%          3
e - Manifold Assault      Tloc           86%        N/A       0%          5
f - Beastly Appendage     Tmut           100%       N/A       0%          1
g - Wereblood             Tmut           86%        N/A       0%          2
h - Portal Projectile     Hex/Tloc       100%       N/A       0%          3
i - Hailstorm             Conj/Ice       86%        3d17      0%          4
j - Silence               Hex/Air        43%        N/A       0%          5
k - Lightning Bolt        Conj/Air       43%        1d62      0%          5
l - Death Channel         Necr           43%        N/A       0%          6
m - Haunt                 Necr/Summ      43%        N/A       1%          7
n - Eringya's Noxious Bo  Tmut/Pois      43%        N/A       0%          6
o - Summon Horrible Thin  Summ           43%        N/A       1%          8
p - Ozocubu's Refrigerat  Ice            43%        4d17      1%          7
q - Ignition              Fire           43%        3d12      1%          8
Your spell library was empty.

Dungeon Overview and Level Annotations

Branches:
Dungeon (1/1)

Altars:
Makhleb


Innate Abilities, Weirdness & Mutations

You are immune to sickness and miasma.
You are immune to poison.
Your flesh is very heat resistant. (rF++)
You are vulnerable to cold. (rC-)
You float through the air rather than walking.
You learn spells naturally, not from books.
Your magical power is your life essence.
You have superior vitality. (+4 MHP)


Message History

You hear a shout!
Your base Maces & Flails skill gained 3 levels and is now at level 12!
Your base Polearms skill gained 3 levels and is now at level 12!
Your base Staves skill gained 3 levels and is now at level 13!
Your Shields skill gained 3 levels and is now at level 14!
Your Unarmed Combat skill gained 3 levels and is now at level 14!
You have reached level 26!
A large bag of meat comes into view. It is wielding a +9 giant spiked club.
You slice the large abomination!!
You cleave the large abomination in twain.
You destroy the large abomination!
The large abomination disappears in a puff of smoke!
You slash the sculptor of flesh!
You butcher the sculptor of flesh messily.
You destroy the sculptor of flesh!
Makhleb accepts your kill.
You feel better.
You slash the bag of meat!
You pulverise the bag of meat into a thin bloody mist.
You kill the bag of meat!
Makhleb accepts your kill.
You slice the bag of meat!!
You pulverise the bag of meat into a thin bloody mist.
You kill the bag of meat!
Makhleb accepts your kill.
The tyrant is engulfed in blazing flames.
You hear a shout! x4
The sculptor of flesh is engulfed in blazing flames.
You hear a shout!
The large abomination is engulfed in blazing flames.
The tyrant is engulfed in blazing flames.
You hear a shout!
The tyrant waves its bony arms in wide circles.
The air twists around and strikes you!!!
The bag of meat is engulfed in blazing flames. x2
A dread comes into view.
You hear a shout! x2
The sculptor of flesh is engulfed in blazing flames.
The sculptor of flesh hits you with a +9 great sword!!!!!
Ouch! That really hurt!
You die...

...O .. ..M..
#.. ..§# #..
.o.# . .###W.
...###..
......###.......
......_))......
#.§§@)#


#_ozXV# #oo§Lo# .......§§§L§.... ......###W..§... .###.. .o.###.. #.. .o.# . #.
...# O. ..... You could see an accursed, 2 tyrants, a destroyer, a sculptor of
flesh, a large bag of meat (inner flame), a large abomination (summoned), 2
dreads and 7 bags of meat.

Vanquished Creatures
  A hell beast (D)
  2 royal mummies (D)
  5 vampire knights (D)
  16 ogres (D)
  3 two-headed ogres (D)
  2 liches (D)
  A hydra (D)
  24 orcs (D)
  4 skeletal warriors (D)
58 creatures vanquished.

Notes
Turn   | Place    | Note
-------+----------+-------------------------------------------
     0 | D        | Found the +∞ Axe of Woe
     0 | D        | Groucho the Djinni Warper began the quest for the Orb.
     0 | D        | Groucho set off with the following spells memorised: Blink,
                  | Lesser Beckoning, Gell's Gravitas, Teleport Other, Manifold
                  | Assault.
     0 | D        | Reached XP level 1. HP: 18/18 MP: 0/0
     2 | D        | Noticed a meat berserker
     2 | D        | Noticed a bag of meat
     2 | D        | Noticed a bag of meat
     3 | D        | Noticed a bag of meat
     4 | D        | Became a worshipper of Makhleb the Destroyer
     4 | D        | Noticed a bag of meat
     4 | D        | Noticed a bag of meat
     5 | D        | Killed a bag of meat
     5 | D        | Killed a meat berserker
     5 | D        | Reached * piety under Makhleb
     5 | D        | Noticed a bag of meat
     5 | D        | Noticed a bag of meat
     5 | D        | Noticed a bag of meat
     5 | D        | Noticed a bag of meat
     6 | D        | Reached skill level 15 in Fighting
     6 | D        | Reached XP level 2. HP: 43/43 MP: 0/0
     6 | D        | Reached XP level 3. HP: 49/49 MP: 0/0
     6 | D        | Learned a level 1 spell: Beastly Appendage
     6 | D        | Reached XP level 4. HP: 55/55 MP: 0/0
     6 | D        | Reached XP level 5. HP: 60/60 MP: 0/0
     6 | D        | Learned a level 2 spell: Wereblood
     6 | D        | Reached XP level 6. HP: 67/67 MP: 0/0
     6 | D        | Reached XP level 7. HP: 72/72 MP: 0/0
     6 | D        | Learned a level 3 spell: Portal Projectile
     6 | D        | Reached XP level 8. HP: 78/78 MP: 0/0
     6 | D        | Reached XP level 9. HP: 84/84 MP: 0/0
     6 | D        | Learned a level 4 spell: Hailstorm
     6 | D        | Reached XP level 10. HP: 90/90 MP: 0/0
     6 | D        | Reached XP level 11. HP: 95/95 MP: 0/0
     6 | D        | Learned a level 5 spell: Silence
     6 | D        | Reached XP level 12. HP: 102/102 MP: 0/0
     6 | D        | Reached XP level 13. HP: 107/107 MP: 0/0
     6 | D        | Learned a level 5 spell: Lightning Bolt
     6 | D        | Noticed a meat berserker
     6 | D        | Noticed a bag of meat
     7 | D        | Noticed a bag of meat
     8 | D        | Killed a bag of meat
     9 | D        | Killed a bag of meat
    10 | D        | Reached XP level 14. HP: 117/117 MP: 0/0
    10 | D        | Killed a bag of meat
    10 | D        | Reached ** piety under Makhleb
    10 | D        | Killed a bag of meat
    11 | D        | Killed a meat berserker
    12 | D        | Reached skill level 15 in Spellcasting
    12 | D        | Reached XP level 15. HP: 129/129 MP: 0/0
    12 | D        | Learned a level 6 spell: Death Channel
    12 | D        | Reached *** piety under Makhleb
    15 | D        | Reached XP level 16. HP: 139/139 MP: 0/0
    15 | D        | Reached **** piety under Makhleb
    17 | D        | Noticed a meat berserker
    18 | D        | Noticed a meat berserker
    18 | D        | Noticed a meat berserker
    19 | D        | Noticed a destroyer
    19 | D        | Noticed a meat berserker
    21 | D        | Killed a meat berserker
    22 | D        | Reached XP level 17. HP: 149/149 MP: 0/0
    22 | D        | Learned a level 7 spell: Haunt
    22 | D        | Killed a meat berserker
    23 | D        | Killed a meat berserker
    23 | D        | Reached ***** piety under Makhleb
    24 | D        | Reached skill level 27 in Axes
    25 | D        | Killed a destroyer
    26 | D        | Reached skill level 27 in Fighting
    26 | D        | Reached skill level 27 in Dodging
    26 | D        | Reached XP level 18. HP: 167/167 MP: 0/0
    26 | D        | Killed a meat berserker
    26 | D        | Noticed a destroyer
    26 | D        | Noticed a large bag of meat
    28 | D        | Killed a destroyer
    29 | D        | Reached XP level 19. HP: 174/174 MP: 0/0
    29 | D        | Learned a level 6 spell: Eringya's Noxious Bog
    31 | D        | Noticed a sculptor of flesh
    32 | D        | Noticed a destroyer
    33 | D        | Noticed a sculptor of flesh
    33 | D        | Killed a large bag of meat
    34 | D        | Reached skill level 15 in Armour
    34 | D        | Reached skill level 15 in Invocations
    34 | D        | Noticed a meat berserker
    34 | D        | Noticed a meat berserker
    35 | D        | Killed a sculptor of flesh
    36 | D        | Noticed an eight-headed meat hydra
    37 | D        | Reached ****** piety under Makhleb
    37 | D        | Killed a sculptor of flesh
    37 | D        | Noticed a destroyer
    38 | D        | Killed a meat berserker
    39 | D        | Reached XP level 20. HP: 181/181 MP: 0/0
    40 | D        | Killed a meat berserker
    40 | D        | Killed a destroyer
    41 | D        | Reached skill level 27 in Spellcasting
    43 | D        | Killed a destroyer
    44 | D        | Reached skill level 27 in Armour
    44 | D        | Reached skill level 27 in Invocations
    44 | D        | Reached skill level 1 in Short Blades
    44 | D        | Reached skill level 1 in Long Blades
    44 | D        | Reached skill level 1 in Ranged Weapons
    44 | D        | Reached skill level 1 in Throwing
    44 | D        | Reached skill level 1 in Evocations
    44 | D        | Reached XP level 21. HP: 187/187 MP: 0/0
    44 | D        | Learned a level 8 spell: Summon Horrible Things
    44 | D        | Killed a nine-headed meat hydra
    45 | D        | Reached skill level 5 in Ranged Weapons
    45 | D        | Reached skill level 5 in Throwing
    48 | D        | Noticed a meat berserker
    48 | D        | Noticed a meat berserker
    49 | D        | Noticed a meat berserker
    49 | D        | Noticed a tyrant
    50 | D        | Noticed an accursed
    50 | D        | Noticed a large bag of meat
    50 | D        | Noticed an accursed
    50 | D        | Noticed a large bag of meat
    50 | D        | Noticed a tyrant
    51 | D        | Noticed a meat berserker
    53 | D        | Killed a meat berserker
    53 | D        | Killed an accursed
    53 | D        | Noticed a meat berserker
    54 | D        | Reached skill level 15 in Evocations
    54 | D        | Reached XP level 22. HP: 158/194 MP: 0/0
    55 | D        | Killed a meat berserker
    56 | D        | Reached skill level 15 in Short Blades
    56 | D        | Reached skill level 15 in Long Blades
    56 | D        | Noticed a meat berserker
    56 | D        | Noticed a meat berserker
    57 | D        | Reached skill level 15 in Ranged Weapons
    57 | D        | Reached skill level 15 in Throwing
    58 | D        | Killed a meat berserker
    59 | D        | Killed a meat berserker
    59 | D        | Killed a meat berserker
    60 | D        | Reached XP level 23. HP: 201/201 MP: 0/0
    60 | D        | Learned a level 7 spell: Ozocubu's Refrigeration
    61 | D        | Killed a large bag of meat
    63 | D        | Killed an accursed
    64 | D        | Reached XP level 24. HP: 105/208 MP: 0/0
    64 | D        | Killed a tyrant
    64 | D        | Killed a tyrant
    64 | D        | Noticed a meat beast
    64 | D        | Noticed a tyrant
    65 | D        | Noticed a tyrant
    65 | D        | Noticed a destroyer
    65 | D        | Noticed an accursed
    65 | D        | Noticed a destroyer
    66 | D        | Killed a meat beast
    67 | D        | Reached skill level 27 in Short Blades
    67 | D        | Reached skill level 27 in Long Blades
    67 | D        | Reached skill level 27 in Ranged Weapons
    67 | D        | Reached skill level 27 in Throwing
    67 | D        | Reached skill level 27 in Evocations
    67 | D        | Reached XP level 25. HP: 200/214 MP: 0/0
    67 | D        | Learned a level 8 spell: Ignition
    67 | D        | Killed a destroyer
    67 | D        | Noticed a dread
    68 | D        | Reached skill level 10 in Staves
    68 | D        | Killed a large bag of meat
    69 | D        | Reached XP level 26. HP: 198/221 MP: 0/0
    69 | D        | Noticed a large bag of meat
    69 | D        | Noticed a dread
    69 | D        | Annihilated by a sculptor of flesh

Illustrated notes

Levels and vault maps discovered:
D:        meatsprint

Skill      XL: |  1  2  3  4  5  6  7  8  9 10 11 12 13 14 15 16 17 18 19 20 21 22 23 24 25 |
---------------+----------------------------------------------------------------------------+-----
Fighting       | 15 16 19 20 22 27 | 27.0
Axes           | 17 19 22 23 25 27 | 27.0
Dodging        | 16 18 20 22 24 27 | 27.0
Spellcasting   | 11 13 15 16 17 21 23 26 27 | 27.0
Armour         | 13 20 27 | 27.0
Invocations    | 13 20 27 | 27.0
Short Blades   | 1 14 19 23 27 | 27.0
Long Blades    | 1 14 19 23 27 | 27.0
Ranged Weapons | 1 13 17 22 27 | 27.0
Throwing       | 1 13 17 22 27 | 27.0
Evocations     | 1 15 20 25 27 | 27.0
Maces & Flails | 2 12 | 12.3
Polearms       | 3 12 | 12.4
Staves         | 3 13 | 13.4
Shields        | 3 14 | 14.5
Unarmed Combat | 3 14 | 14.5

Action                   |  1- 3 |  4- 6 |  7- 9 | 10-12 | 13-15 | 16-18 | 19-21 | 22-24 | 25-27 || total
-------------------------+-------+-------+-------+-------+-------+-------+-------+-------+-------++-------
Melee: Executioner's axe |     1 |       |       |       |     7 |     8 |    10 |    11 |     3 ||    40
Dodge: Dodged            |       |       |       |       |       |       |       |     2 |       ||     2
